 Dungeon Crawl Stone Soup version 0.29.1-1-gd02db6906a (webtiles) character file.

Game seed: 2583039299822072986

81 Ofeo the Trooper (level 4, 0/37 HPs)
             Began as a Palentonga Abyssal Knight on Sept 17, 2022.
             Was a Believer of Lugonu.
             Slain by a kobold
             ... wielding a +0 club
              (1 damage)
             ... on level 3 of the Dungeon.
             The game lasted 00:02:40 (2397 turns).

Ofeo the Trooper (Palentonga Abyssal Knight)        Turns: 2397, Time: 00:02:40

Health: 0/37       AC:  9    Str: 21    XL:     4   Next: 20%
Magic:  4/6        EV:  4    Int: 10    God:    Lugonu [**....]
Gold:   30         SH:  0    Dex: 10    Spells: 3/3 levels left

rFire   . . .      SeeInvis +   a - +2 hand axe
rCold   . . .      Faith    .   (no shield)
rNeg    . . .      Spirit   .   e - +0 plate armour
rPois   .          Reflect  .   g - +1 hat
rElec   .          Harm     .   (no cloak)
rCorr   .          Rampage  .   (no gloves)
Will    .....                   (no barding)
Stlth   ..........              (no amulet)
HPRegen 0.12/turn               (no ring)
MPRegen 0.10/turn               (no ring)

@: no status effects
A: large, rugged brown scales 3, see invisible, deformed body, roll 1, armoured
tail
a: Rolling Charge, Renounce Religion, Depart the Abyss, Bend Space


You were on level 3 of the Dungeon.
You worshipped Lugonu.
Lugonu was pleased with you.
You visited 1 branch of the dungeon, and saw 3 of its levels.
You visited the Abyss 1 time.

You collected 30 gold pieces.

Inventory:

Hand Weapons
 a - a +2 hand axe (weapon)
Armour
 b - a +0 leather armour
 e - a +0 plate armour (worn)
 g - a +1 hat (worn)
Jewellery
 d - a ring of ice
 i - a ring of flight
Scrolls
 f - a scroll of immolation
 h - 2 scrolls of identify {unknown}


   Skills:
 + Level 3.4 Fighting
 + Level 2.6 Axes
 + Level 2.1 Armour
 + Level 1.5 Dodging
 + Level 2.7 Invocations


You had 3 spell levels left.
You didn't know any spells.
Your spell library contained the following spells:

 Spells                   Type           Power      Damage    Failure   Level
 Poisonous Vapours        Pois/Air       0%         N/A       100%        2
 Gell's Gravitas          Tloc           0%         N/A       100%        3
 Teleport Other           Tloc           0%         N/A       100%        3
 Corpse Rot               Necr/Pois/Air  0%         N/A       100%        4
 Dispersal                Tloc           0%         N/A       100%        6


Dungeon Overview and Level Annotations

Branches:
Dungeon (3/15)

Altars:

Annotations:
D:2 Natasha


Innate Abilities, Weirdness & Mutations

You are completely covered in rugged brown scales. (AC +3, +7% HP)
You have supernaturally acute eyesight. (SInv)
Armour fits poorly on your strangely shaped body.
You can roll at nearby foes to attack.
You have a long armoured tail.


Message History

Your magical effects are unravelling.
You feel magically purged.
You feel less batty.
Your +1 hand axe unmelds from your body.
Your +1 hat unmelds from your body.
Your +0 plate armour unmelds from your body.
You feel yourself speed up.
You feel a little less mighty now. The crimson imp hits you.
The frilled lizard bites you but does no damage.
The crimson imp hits you but does no damage.
You take 2 damage, and have 12/37 hp.
Space bends violently around you!
You blink.
The gnoll hits you from afar with a +0 halberd.
* * * LOW HITPOINT WARNING * * *
Natasha wildly gestures.
Natasha's front paws start to glow.
You take 6 damage, and have 6/37 hp.
You now have 5/6 mp.
The gnoll attacks as you move away! The gnoll barely misses you.
Space bends violently around you!
You blink.
The gnoll blinks!
Natasha blinks!
The crimson imp hits you but does no damage.
You take 2 damage, and have 4/37 hp.
You now have 4/6 mp.
Natasha casts a spell.
There is a stone staircase leading down here.
The gnoll hits you but does no damage.
The crimson imp blinks!
You climb downwards.
The kobold shouts!
There is a stone staircase leading up here.
You aren't carrying any potions.
As you read the scroll labelled JESULAEXAO, it crumbles to dust.
It is a scroll of enchant weapon.
Your +1 hand axe glows red for a moment.
The gnoll barely misses you.
You hit the gnoll. You tail-slap the gnoll.
You kill the gnoll!
Lugonu accepts your kill.
You closely miss the kobold. The kobold hits you with a +0 club.
* * * LOW HITPOINT WARNING * * *
You take 4 damage, and have 1/37 hp.
The kobold attacks as you move away! The kobold hits you with a +0 club.
You die...

#######
#.....#
#.....###.
#)........
#.@...#
###K### .#
##


You could see a kobold.

Vanquished Creatures
  Natasha (D:2)
  2 gnolls
  3 orcs (D:2)
  2 ball pythons (D:1)
  A bat (D:1)
  3 endoplasms
  3 giant cockroaches
  2 goblins
  2 hobgoblins (D:1)
  7 jackals
  A quokka (D:2)
  2 frilled lizards (D:2)
  A kobold (D:2)
  2 rats
32 creatures vanquished.

Notes
Turn   | Place    | Note
-------+----------+-------------------------------------------
     0 | Abyss:1  | Ofeo the Palentonga Abyssal Knight began the quest for the
                  | Orb.
     0 | Abyss:1  | Reached XP level 1. HP: 19/19 MP: 2/2
     5 | Abyss:1  | Found a corrupted altar of Lugonu.
   136 | Abyss:3  | Noticed an apocalypse crab
   141 | Abyss:4  | Noticed a thrashing horror
   141 | Abyss:4  | Noticed a thrashing horror
   146 | D:1      | Escaped the Abyss
   233 | D:1      | Reached ** piety under Lugonu
   545 | D:1      | Reached skill level 1 in Dodging
   550 | D:1      | Reached XP level 2. HP: 22/25 MP: 3/3
   661 | D:1      | Found a faded altar of an unknown god.
  1431 | D:2      | Noticed Natasha
  1438 | D:2      | HP: 1/25 [Natasha/magic dart (6)]
  1439 | D:2      | Killed Natasha
  1440 | D:2      | Reached XP level 3. HP: 2/31 MP: 4/4
  2370 | D:2      | Reached XP level 4. HP: 35/37 MP: 6/6
  2373 | D:2      | Noticed Natasha
  2396 | D:3      | HP: 1/37 [kobold/+0 club (4)]
  2397 | D:3      | Slain by a kobold

Illustrated notes

Levels and vault maps discovered:
D:1:      psy_arrival_spokes, layout_rooms, hellmonk_ecumenical_altar_blasted
D:2:      layout_loops_corners, wad_floor_pattern_untrapped, uniq_natasha
D:3:      layout_rooms, lemuel_tele_altar, uniq_ijyb, uniq_grinder, uniq_jessica

Skill      XL: |  1  2 |
---------------+-------+-----
Dodging        | 1 |  1.5
Armour         | 2 |  2.1
Fighting       | |  3.4
Axes           | |  2.6
Invocations    | |  2.7

Action                   |  1- 3 |  4- 6 || total
-------------------------+-------+-------++-------
Melee: Hand axe          |    85 |     4 ||    89
       Tailslap          |     5 |     1 ||     6
       Unarmed           |       |     3 ||     3
Invok: Depart the Abyss  |     1 |       ||     1
       Bend Space        |       |     3 ||     3
 Abil: Rolling Charge    |     9 |     1 ||    10
  Use: Potion            |       |     2 ||     2
       Scroll            |       |     1 ||     1
Armor: Leather armour    |     7 |       ||     7
       Plate armour      |    52 |     6 ||    58
Dodge: Dodged            |    19 |     7 ||    26
